 Dungeon Crawl Stone Soup version 0.30-a0-1008-g30c9307041 (webtiles) character file.

Game seed: 9787017725640258647

97 sknox the Poker (level 4, -2/37 HPs)
             Began as a Merfolk Berserker on Apr 5, 2023.
             Was a Believer of Trog.
             Slain by a worm (9 damage)
             ... on level 3 of the Dungeon.
             The game lasted 00:16:12 (762 turns).

sknox the Poker (Merfolk Berserker)                  Turns: 762, Time: 00:16:13

Health: -2/37      AC:  2    Str: 17    XL:     4   Next: 68%
Magic:  4/4        EV: 13    Int:  6    God:    Trog [**....]
Gold:   0          SH:  0    Dex: 15    Spells: 3/3 levels left

rFire   . . .      SeeInvis .    f - +1 trident (flame)
rCold   . . .      Faith    .    (no shield)
rNeg    . . .      Spirit   .    d - +0 robe
rPois   .          Reflect  .    (no helmet)
rElec   .          Rampage  .    (no cloak)
rCorr   .                        (no gloves)
Will    .....                    (no boots)
Stlth   ++                       (no amulet)
HPRegen 0.26/turn                (no ring)
MPRegen 0.09/turn                (no ring)

@: no status effects
A: (nimble swimmer 2), mertail
a: Renounce Religion, Berserk, Trog's Hand


You were on level 3 of the Dungeon.
You worshipped Trog.
Trog was pleased with you.
You visited 1 branch of the dungeon, and saw 3 of its levels.

Inventory:

Hand Weapons
 a - a +0 spear
 c - a +0 dagger
 e - a +0 dagger
 f - a +1 trident of flaming (weapon)
 h - a +0 dagger
Missiles
 i - 5 poisoned darts (quivered)
Armour
 b - a +0 animal skin
 d - a +0 robe (worn)
Potions
 g - a potion of flight


   Skills:
 + Level 4.2 Fighting
 + Level 5.7 Polearms
 + Level 1.6 Armour
 + Level 3.1 Dodging
 + Level 0.5 Stealth


You had 3 spell levels left.
You didn't know any spells.
Your spell library contained the following spells:

 Spells                   Type           Power      Damage    Failure   Level
 Poisonous Vapours        Pois/Air       0%         N/A       58%         2
 Mephitic Cloud           Conj/Pois/Air  0%         N/A       83%         3
 Freezing Cloud           Conj/Ice/Air   0%         6-21      100%        5


Dungeon Overview and Level Annotations

Branches:
Dungeon (3/15)

Altars:


Innate Abilities, Weirdness & Mutations

((You are very nimble when in or above water. (Stealth+, EV+, Speed+++)))
Your lower body shifts to a powerful aquatic tail in water.


Message History

You kill the ball python!
Trog accepts your kill. The worm misses you. The orc misses you.
The orc hits you with a +0 hand axe.
The orc priest invokes the aid of Beogh against you.
Pain shoots through your body!
Unknown command.
You puncture the orc! You burn the orc.
You kill the orc!
Trog accepts your kill. The orc hits you with a +0 hand axe.
The worm bites you!
You puncture the orc priest! You burn the orc priest.
You kill the orc priest!
Trog accepts your kill. The orc hits you but does no damage.
You hit the orc. You burn the orc.
You kill the orc!
Trog accepts your kill. The worm bites you!
* * * LOW HITPOINT WARNING * * *
A worm comes into view.
You are too injured to fight recklessly!
You are too injured to fight recklessly!
You barely miss the worm. Something hits you.
* * * LOW HITPOINT WARNING * * *
You hit the worm. You burn the worm.
The worm is lightly wounded.
The worm closely misses you. Something hits you.
* * * LOW HITPOINT WARNING * * *
You hit the worm. You burn the worm.
The worm is moderately wounded.
Something barely misses you. The worm bites you but does no damage.
You hit the worm. You burn the worm.
The worm is severely wounded.
Something hits you but does no damage.
You completely miss the worm.
The worm is severely wounded.
The worm bites you!
You die...

###+#...........
#..<............
#...............
.#.#.#.#...........
..............!.#
#.#.#.#.#.......#
...............#
#.#.#.#.#.......#
...........)@...#
#.#.#.#.#..){w.....~
###..............#~~
###.............~~
.........w...~~
............~~~
....####....#~~ ....
......~


You could see 2 worms.

Vanquished Creatures
  2 orc priests (D:3)
  A dart slug (D:1)
  2 orcs (D:3)
  3 ball pythons
  2 endoplasms
  2 giant cockroaches (D:1)
  4 hobgoblins
  6 jackals
  A quokka (D:1)
  3 bats (D:1)
  2 frilled lizards (D:1)
  A goblin (D:1)
  A kobold (D:1)
  A rat (D:3)
31 creatures vanquished.

Notes
Turn   | Place    | Note
-------+----------+-------------------------------------------
     0 | D:1      | sknox the Merfolk Berserker began the quest for the Orb.
     0 | D:1      | Reached XP level 1. HP: 18/18 MP: 1/1
   245 | D:1      | Reached XP level 2. HP: 17/24 MP: 2/2
   510 | D:1      | Identified a scroll of acquirement
   510 | D:1      | Acquired a +0 trident of flaming
   641 | D:2      | Reached XP level 3. HP: 23/30 MP: 3/3
   718 | D:2      | Reached ** piety under Trog
   750 | D:3      | Reached skill level 5 in Polearms
   750 | D:3      | Reached XP level 4. HP: 37/37 MP: 4/4
   762 | D:3      | Slain by a worm

Illustrated notes

Levels and vault maps discovered:
D:1:      minmay_arrival_stone_box, layout_basic, minmay_surrounded
D:2:      layout_basic, serial_corexii_hall, corexii_hall_statues_u,
          corexii_hall_statues_l, st_stairs_7, uniq_sigmund, uniq_terence
D:3:      minmay_bubble_buster, layout_basic, cheibrodos_sewer_entry_drain,
          serial_park_tiny_1, kennysheep_cluttered_room, st_stairs_12,
          uniq_natasha

Skill      XL: |  1  2  3 |
---------------+----------+-----
Fighting       | 4 |  4.2
Polearms       | 5 |  5.7
Dodging        | 3 |  3.1
Armour         | |  1.6
Stealth        | |  0.5

Action                     |  1- 3 |  4- 6 || total
---------------------------+-------+-------++-------
  Melee: Spear             |    44 |       ||    44
         Trident           |    27 |    12 ||    39
    Use: Scroll            |     4 |       ||     4
   Stab: Sleeping          |     1 |       ||     1
 Armour: Animal skin       |     4 |       ||     4
         Robe              |     2 |     4 ||     6
  Dodge: Dodged            |    39 |     9 ||    48

Table legend: (Time is in decaauts)
 A = Elapsed time spent in this place.
 B = Non-inter-level travel time spent in this place.
 C = Inter-level travel time spent in this place.
 D = Time resting spent in this place.
 E = Time spent auto-exploring this place.
 F = Levels seen in this place.
 G = Mean time per level.
                   A        B        C        D        E       F      G
               +--------+--------+--------+--------+--------+-----+--------+
         Total |    757 |    308 |    449 |     94 |      0 |   3 |  252.3 |
       Dungeon |    757 |    308 |    449 |     94 |      0 |   3 |  252.3 |
               +--------+--------+--------+--------+--------+-----+--------+

Top non-repeatable levels by time:
     D:1: 573 daAuts
     D:2: 156 daAuts
     D:3: 27 daAuts
